 Dungeon Crawl Stone Soup version 0.23-a0-358-g98c7a59ffc (webtiles) character file.

32 Ablot the Charmwright (level 3, -2/31 HPs)
             Began as a Gnoll Skald on Oct 22, 2018.
             Slain by Ijyb (3 damage)
             ... on level 2 of the Dungeon.
             The game lasted 00:02:12 (901 turns).

Ablot the Charmwright (Gnoll Skald)                  Turns: 901, Time: 00:02:12

Health: -2/31      AC:  6    Str: 14    XL:     3   Next: 25%
Magic:  4/9        EV: 14    Int: 15    God:
Gold:   51         SH:  0    Dex: 14    Spells: 7/12 levels left

rFire    . . .     SeeInvis .   a - +0 spear
rCold    . . .     Gourm    .   (no shield)
rNeg     . . .     Faith    .   b - +0 leather armour
rPois    .         Spirit   .   e - +2 helmet
rElec    .         Reflect  .   (no cloak)
rCorr    .         Harm     .   (no gloves)
MR       .....                  (no boots)
Stlth    +.........             (no amulet)
HPRegen  0.10/turn              (no ring)
MPRegen  0.11/turn              (no ring)

@: no status effects
A: distributed training, fangs 1, strong nose
a: no special abilities


You were on level 2 of the Dungeon.
You were not hungry.

You visited 1 branch of the dungeon, and saw 2 of its levels.

You collected 51 gold pieces.

Inventory:

Hand Weapons
 a - a +0 spear (weapon)
Missiles
 j - 54 stones (quivered)
Armour
 b - a +0 leather armour (worn)
 e - a +2 helmet (worn)
Scrolls
 c - a scroll of enchant weapon {unknown}
 g - 3 scrolls of identify {unknown}
 h - a scroll of teleportation {unknown}
 i - a scroll of fog {unknown}
 m - 2 scrolls of immolation {unknown}
Potions
 k - a potion of brilliance {unknown}
 l - 2 potions of flight {unknown}
Comestibles
 d - 3 rations
 f - 3 chunks of flesh


   Skills:
 + Level 4.5 Fighting
 + Level 0.6 Short Blades
 + Level 0.6 Long Blades
 + Level 0.6 Axes
 + Level 0.6 Maces & Flails
 + Level 4.5 Polearms
 + Level 0.6 Staves
 + Level 0.6 Slings
 + Level 0.6 Bows
 + Level 0.6 Crossbows
 + Level 0.6 Throwing
 + Level 2.5 Armour
 + Level 4.5 Dodging
 + Level 0.6 Stealth
 + Level 0.6 Shields
 + Level 0.6 Unarmed Combat
 + Level 5.0 Spellcasting
 + Level 0.4 Conjurations
 + Level 0.4 Hexes
 + Level 5.4 Charms
 + Level 0.4 Summonings
 + Level 0.4 Necromancy
 + Level 0.4 Translocations
 + Level 0.4 Transmutations
 + Level 0.4 Fire Magic
 + Level 0.4 Ice Magic
 + Level 0.4 Air Magic
 + Level 0.4 Earth Magic
 + Level 0.4 Poison Magic
 + Level 0.8 Invocations
 + Level 0.6 Evocations


You had 7 spell levels left.
You knew the following spells:

 Your Spells              Type           Power        Failure   Level  Hunger
a - Infusion              Chrm           ###.         2%          1    None
b - Song of Slaying       Chrm           ###.....     3%          2    ##.....
c - Shroud of Golubria    Chrm/Tloc      ##........   9%          2    ##.....

Your spell library contained the following spells:

 Spells                   Type           Power        Failure   Level  Hunger
 Regeneration             Chrm/Necr      ##........   19%         3    ###....
 Spectral Weapon          Hex/Chrm       ##......     19%         3    ###....


Dungeon Overview and Level Annotations

Branches:
Dungeon (2/15)

Altars:
Uskayaw
Zin

Annotations:
D:2 Ijyb


Innate Abilities, Weirdness & Mutations

Your experience applies equally to all skills.
You have very sharp teeth.
Your uncanny sense of smell can sniff out nearby items.


Message History

You hit Ijyb.
Ijyb is severely wounded.
Ijyb hits you.
* * * LOW HITPOINT WARNING * * *
You hit Ijyb.
Ijyb is almost dead.
Ijyb closely misses you.
You hit Ijyb. You bite Ijyb, but do no damage.
Ijyb is almost dead.
Your song has ended.
Your shroud bends Ijyb's attack away.
You hit Ijyb but do no damage.
Ijyb is almost dead.
You hit Ijyb but do no damage.
Ijyb is almost dead.
Ijyb zaps a wand.
The puff of flame misses you.
You barely miss Ijyb.
Ijyb is almost dead.
Ijyb hits you.
You die...

# #.# ####........#...
######.#..(.%..###...##..###.#...
.....÷.#8.....8#.....##......#...
######.#.......###...#######.....
#.#8.....8##....# ##....
#.#...g...##.#### #.....
#.#8...gg8#..# #.....
#.#...ggg.#.## #.....
#.#8$....8#@# #..... .........#g#
#.....
#........gg############....
######..#####.......# ##...
#...## #....<..# ##.# ∆ >..#.
#.......# #.# ..#### #.......#
#.# # #.......# #[# #.......# #.#


You could see Ijyb and 2 goblins.

Vanquished Creatures
  A worm (D:2)
  A dart slug (D:2)
  A ball python (D:2)
  4 bats
  A giant cockroach (D:1)
  2 hobgoblins
  2 quokkas (D:2)
  3 frilled lizards
  2 goblins
  7 kobolds
  4 rats
28 creatures vanquished.

Notes
Turn   | Place    | Note
-------+----------+-------------------------------------------
     0 | D:1      | Ablot the Gnoll Skald began the quest for the Orb.
     0 | D:1      | Reached XP level 1. HP: 20/20 MP: 6/6
   117 | D:1      | Reached XP level 2. HP: 26/26 MP: 7/7
   121 | D:1      | Learned a level 2 spell: Song of Slaying
   124 | D:1      | Learned a level 2 spell: Shroud of Golubria
   427 | D:2      | Found a hide-covered altar of Uskayaw.
   451 | D:2      | Found a glowing silver altar of Zin.
   516 | D:2      | Reached XP level 3. HP: 14/31 MP: 0/9
   724 | D:2      | Reached skill level 5 in Spellcasting
   857 | D:2      | Noticed Ijyb
   896 | D:2      | HP: 1/31 [Ijyb (4)]
   901 | D:2      | Slain by Ijyb

Vault maps used:
D:1:      eino_arrival_water_star
D:2:      kennysheep_the_goblin_king, zin_statuary,
          nicolae_qazlal_general_emergency, overflow_temple_1_default,
          minmay_tromino_i4

Skill      XL: |  1  2  3 |
---------------+----------+-----
Spellcasting   | 5 |  5.0
Fighting       | |  4.5
Short Blades   | |  0.6
Long Blades    | |  0.6
Axes           | |  0.6
Maces & Flails | |  0.6
Polearms       | |  4.5
Staves         | |  0.6
Slings         | |  0.6
Bows           | |  0.6
Crossbows      | |  0.6
Throwing       | |  0.6
Armour         | |  2.5
Dodging        | |  4.5
Stealth        | |  0.6
Shields        | |  0.6
Unarmed Combat | |  0.6
Conjurations   | |  0.4
Hexes          | |  0.4
Charms         | |  5.4
Summonings     | |  0.4
Necromancy     | |  0.4
Translocations | |  0.4
Transmutations | |  0.4
Fire Magic     | |  0.4
Ice Magic      | |  0.4
Air Magic      | |  0.4
Earth Magic    | |  0.4
Poison Magic   | |  0.4
Invocations    | |  0.8
Evocations     | |  0.6

Action                   || total
-------------------------++-------
Melee: Spear             ||   126
       Bite              ||    12
 Cast: Shroud of Golubri ||     3
       Song of Slaying   ||     3
       Infusion          ||     1
 Stab: Sleeping          ||     2
Armor: Leather armour    ||    18
Dodge: Dodged            ||    55

Table legend:
 A = Non-vault XP
 B = Vault XP
 C = Vault XP percentage of total XP
 D = Non-vault monster count
 E = Vault monster count
 F = Vault count percentage of total count
                 A         B        C        D         E       F
            +---------+---------+-------+---------+---------+-------
      Total |      35 |      11 |  23.9 |      24 |       4 |  14.3
            +---------+---------+-------+---------+---------+-------
        D:1 |      18 |       0 |   0.0 |      14 |       0 |   0.0
        D:2 |      17 |      11 |  39.3 |      10 |       4 |  28.6
            +---------+---------+-------+---------+---------+-------
